 Dungeon Crawl Stone Soup version 0.29-a0-919-gd064cfad1c (webtiles) character file.

Game seed: 9662396280418826530

275 Hubjo the Insei (level 6, -3/70 HPs)
             Began as a Demonspawn Transmuter on July 26, 2022.
             Slain by a wyvern zombie (8 damage)
             ... in an ossuary.
             The game lasted 00:05:16 (5311 turns).

Hubjo the Insei (Demonspawn Transmuter)             Turns: 5311, Time: 00:05:16

Health: -3/70      AC: 23    Str: 10    XL:     6   Next: 3%
Magic:  10/10      EV:  2    Int: 17    God:
Gold:   115        SH:  0    Dex: 13    Spells: 10/11 levels left

rFire   . . .      SeeInvis .     - Unarmed
rCold   . . .      Faith    .   (no shield)
rNeg    . . .      Spirit   .   (body armour currently unavailable)
rPois   +          Reflect  .   (helmet currently unavailable)
rElec   .          Harm     .   (cloak currently unavailable)
rCorr   +          Rampage  .   (gloves currently unavailable)
Will    .....      NoTele   +   (boots currently unavailable)
Stlth   +.........              (no amulet)
HPRegen 0.21/turn               g - ring of resist corrosion
MPRegen 0.12/turn               (no ring)

@: tree-form
A: stationary, stasis, torment immunity, boosted hp, (hooves 2), repulsion field
1, foul stench 1
a: no special abilities


You were in an ossuary.
You were a tree.
You visited 1 branch of the dungeon, and saw 4 of its levels.
You also visited: Ossuary.

You collected 115 gold pieces.

Inventory:

Armour
 a - a +0 robe (melded)
 q - a scarf of harm
Jewellery
 g - a ring of resist corrosion (left branch)
Wands
 m - a wand of mindburst (13)
Scrolls
 c - 5 scrolls of identify
 e - a scroll of vulnerability
 j - a scroll of enchant weapon
 l - a scroll of silence
 s - a scroll of torment {unknown}
 u - a scroll of amnesia {unknown}
 v - a scroll of teleportation {unknown}
 w - a scroll of immolation {unknown}
Potions
 b - 2 potions of lignification
 d - 2 potions of haste {unknown}
 f - a potion of curing {unknown}
 h - 2 potions of magic {unknown}
 i - a potion of berserk rage {unknown}
 k - 2 potions of flight {unknown}
 n - a potion of attraction {unknown}
 o - 2 potions of degeneration {unknown}
 p - a potion of brilliance {unknown}
 r - a potion of might
 t - a potion of mutation {unknown}


   Skills:
 + Level 3.5 Fighting
 - Level 1.7 Dodging
 + Level 3.6 Unarmed Combat
 + Level 3.0 Spellcasting
 * Level 3.3 Transmutations


You had 10 spell levels left.
You knew the following spells:

 Your Spells              Type           Power      Damage    Failure   Level
a - Beastly Appendage     Tmut           28%        N/A       4%          1

Your spell library contained the following spells:

 Spells                   Type           Power      Damage    Failure   Level
 Wereblood                Tmut           14%        N/A       7%          2
 Sting                    Tmut/Pois      32%        1d4       9%          1
 Freeze                   Ice            8%         1d3       17%         1
 Poisonous Vapours        Pois/Air       4%         N/A       26%         2
 Spider Form              Tmut/Pois      8%         N/A       26%         3
 Frozen Ramparts          Ice            4%         1d2       45%         3
 Portal Projectile        Hex/Tloc       4%         N/A       45%         3
 Tukima's Dance           Hex            2%         N/A       45%         3
 Ice Form                 Ice/Tmut       8%         N/A       65%         4
 Blade Hands              Tmut           7%         N/A       77%         5
 Corpse Rot               Necr/Pois/Air  2%         N/A       86%         4
 Hailstorm                Conj/Ice       2%         3d3       86%         4
 Olgreb's Toxic Radiance  Pois           2%         N/A       86%         4


Dungeon Overview and Level Annotations

Branches:
Dungeon (4/15)            Ossuary (1/1)
 Temple: D:4-7

Altars:
Vehumet
Wu Jian

Shops:
D:2 ?


Innate Abilities, Weirdness & Mutations

You are a tree.
Your roots penetrate the ground, keeping you stationary.
You cannot be teleported.
You are immune to unholy pain and torment.
Your maximum health is greatly increased.
Your equipment is partially melded.
((You have hoof-like feet.))
You are surrounded by a mild repulsion field. (EV +2)
You may rarely emit foul miasma when damaged in melee.


Message History

You are too injured to fight recklessly!
You are too injured to fight recklessly!
You are too injured to fight recklessly!
You are too injured to fight recklessly!
You are too injured to fight recklessly!
You are too injured to fight recklessly!
You are too injured to fight recklessly!
You are too injured to fight recklessly!
You barely miss the mummy.
You headbutt the mummy, but do no damage.
The mummy is severely damaged.
The wyvern zombie bites you. The bullfrog zombie barely misses you.
You completely miss the mummy.
The mummy is severely damaged.
The wyvern zombie bites you.
* * * LOW HITPOINT WARNING * * *
The mummy barely misses you. The bullfrog zombie hits you.
* * * LOW HITPOINT WARNING * * *
The wyvern zombie barely misses you.
You punch the mummy!
You destroy the mummy!
The bullfrog zombie hits you.
* * * LOW HITPOINT WARNING * * *
You emit a cloud of foul miasma!
The wyvern zombie misses you.
You have reached level 6!
Your demonic ancestry asserts itself...
Your talons look more like feet.
Your talons dull and shrink into feet.
Your feet thicken and deform.
Your horns disappear.
You turn into a tree.
Your +0 robe melds into your body.
Your roots penetrate the ground.
The bullfrog zombie hits you but does no damage.
The water moccasin zombie bites you but does no damage.
The wyvern zombie bites you but does no damage.
You smack the water moccasin zombie!
Your punch misses the water moccasin zombie.
The water moccasin zombie is lightly damaged.
The bullfrog zombie hits you but does no damage.
The wyvern zombie bites you!
You die... #+# '.. #.# +.# ##Z' ZM#

###Z###
#.Z♣Z.#
###.#####
+.#..∩#
#.'.∩.#
+.#...#
#.#####
+.. #+#+


You could see a mummy, 3 water moccasin zombies, a bullfrog zombie and a wyvern
zombie.

Vanquished Creatures
  A black bear (D:4)
  Jessica (D:2)
  2 mummies (Ossuary)
  3 gnolls
  4 adders
  A white imp (D:3)
  A worm (D:3)
  3 ball pythons
  4 bats
  7 endoplasms
  2 giant cockroaches (D:1)
  4 goblins
  8 hobgoblins
  2 jackals (D:1)
  3 quokkas
  2 frilled lizards
  6 kobolds
  5 rats
59 creatures vanquished.

Notes
Turn   | Place    | Note
-------+----------+-------------------------------------------
     0 | D:1      | Hubjo the Demonspawn Transmuter began the quest for the
                  | Orb.
     0 | D:1      | Reached XP level 1. HP: 15/15 MP: 3/3
   659 | D:1      | Gained mutation: You may rarely emit foul miasma when
                  | damaged in melee. [demonic ancestry]
   659 | D:1      | Reached XP level 2. HP: 21/21 MP: 3/5
   961 | D:1      | Found a faded altar of an unknown god.
  1680 | D:1      | Gained mutation: You are surrounded by a mild repulsion
                  | field. (EV +2) [demonic ancestry]
  1680 | D:1      | Reached XP level 3. HP: 10/27 MP: 3/6
  2096 | D:2      | Found Jaawyump's Magic Scroll Boutique.
  2173 | D:2      | Noticed Jessica
  2186 | D:2      | Killed Jessica
  2187 | D:2      | Gained mutation: You have large cloven feet. [demonic
                  | ancestry]
  2187 | D:2      | Reached XP level 4. HP: 18/34 MP: 7/7
  2476 | D:2      | Found an ornate altar of the Wu Jian Council.
  4150 | D:3      | Found a radiant altar of Vehumet.
  4510 | D:3      | Reached XP level 5. HP: 38/41 MP: 7/9
  4734 | D:4      | Noticed a black bear
  4746 | D:4      | Killed a black bear
  5247 | D:4      | Found a sand-covered staircase.
  5287 | Ossuary  | Entered an ossuary
  5309 | Ossuary  | HP: 2/41 [bullfrog zombie (5)]
  5310 | Ossuary  | Lost mutation: You have razor-sharp toenails. [demonic
                  | ancestry]
  5310 | Ossuary  | Lost mutation: You have sharp toenails. [demonic ancestry]
  5310 | Ossuary  | Gained mutation: You have hoof-like feet. [demonic
                  | ancestry]
  5310 | Ossuary  | Reached XP level 6. HP: 3/47 MP: 10/10
  5311 | Ossuary  | Slain by a wyvern zombie

Illustrated notes

Levels and vault maps discovered:
D:1:      sevenhm_arrival_forest_fort_large_2, layout_loops_corners,
          hellmonk_ecumenical_altar_leap_of_faith
D:2:      layout_basic, basic_altar, serial_shops, nicolae_shop_stone,
          kennysheep_generic_room_3, uniq_jessica
D:3:      mumra_celtic_spiral_tile, layout_loops_ring, fiery_altar_vehumet,
          st_stairs_10
D:4:      layout_layer_cave, nicolae_ossuary_entry_false_entrances
Ossuary:  ossuary_zaba_flooded

Skill      XL: |  1  2  3  4  5 |
---------------+----------------+-----
Transmutations | 2 3 |  3.3
Fighting       | 2 3 |  3.5
Unarmed Combat | 3 |  3.6
Spellcasting   | 3 |  3.0
Dodging        | |  1.7

Action                   |  1- 3 |  4- 6 || total
-------------------------+-------+-------++-------
Melee: Unarmed           |    71 |   109 ||   180
       Kick              |    11 |    18 ||    29
       Headbutt          |     5 |    26 ||    31
       Punch             |     1 |     2 ||     3
 Cast: Beastly Appendage |    17 |    27 ||    44
  Use: Scroll            |     1 |     2 ||     3
       Potion            |     1 |     1 ||     2
 Stab: Sleeping          |     1 |       ||     1
Armor: Robe              |    16 |    15 ||    31
       Skin              |     1 |     4 ||     5
Dodge: Dodged            |    33 |    75 ||   108

Table legend: (Time is in decaauts)
 A = Elapsed time spent in this place.
 B = Non-inter-level travel time spent in this place.
 C = Inter-level travel time spent in this place.
 D = Time resting spent in this place.
 E = Time spent auto-exploring this place.
 F = Levels seen in this place.
 G = Mean time per level.
                   A        B        C        D        E       F      G
               +--------+--------+--------+--------+--------+-----+--------+
         Total |   5299 |   5236 |     63 |    302 |   4403 |   5 | 1059.8 |
       Dungeon |   5276 |   5213 |     63 |    302 |   4400 |   4 | 1319.0 |
       Ossuary |     22 |     22 |      0 |      0 |      3 |   1 |   22.0 |
               +--------+--------+--------+--------+--------+-----+--------+

Top non-repeatable levels by time:
     D:1: 1870 daAuts
     D:3: 1635 daAuts
     D:2: 1197 daAuts
     D:4: 573 daAuts
 Ossuary: 22 daAuts
